AoeStats
← tapaswithtitus

Black Forest

504462994Analyzed
1v1 RM · 28d ago on Sep 5, 2026· 35m 53s· 2 players
Game mode
Random Map
Map size
Tiny (2 player)
Population
200
Speed
Normal
Resources
Standard
Victory
Conquest
Starting age
Dark Age
Ending age
Imperial Age
RankedLock teamsTeams togetherTeam positionsShared explorationLock speedFull tech treeHidden civsTurbo modeCheats
Victory
Defeat
🇨🇳 Jurchens · China
1191
+17
🇨🇳 Spanish · China
1213
-17
不熬夜选手
2:31 Loom
10:41 Feudal Age
11:20 Double-Bit Axe
15:28 Castle Age
16:34 Bow Saw
17:27 Fishing Lines
19:35 Gillnets
21:21 Horse Collar
22:10 Heavy Plow
23:23 Gold Mining
24:11 Wheelbarrow
25:54 Hand Cart
26:19 Gold Shaft Mining
29:27 Imperial Age
27:31 Forging
27:27 Scale Barding Armor
27:34 Stone Mining
27:31 Treadmill Crane
28:11 Bloodlines
28:01 Husbandry
27:35 Light Cavalry
29:35 Chain Barding Armor
30:12 Iron Casting
30:02 Siege Engineers
30:52 Conscription
33:23 Plate Barding Armor
34:26 Fletching
36:19 Blast Furnace
tapaswithtitus
0:43 Loom
10:56 Feudal Age
11:57 Double-Bit Axe
21:35 Castle Age
22:34 Fishing Lines
23:19 Gillnets
23:53 Fletching
24:08 Scale Barding Armor
24:03 Gold Mining
24:51 Bow Saw
24:57 Stone Mining
25:58 Bodkin Arrow
26:05 Town Watch
26:55 Wheelbarrow
27:39 Chain Barding Armor
27:30 Forging
27:21 Devotion
27:19 Horse Collar
30:03 Iron Casting
30:27 Inquisition
31:36 Ballistics
33:58 Imperial Age
32:07 Padded Archer Armor
33:01 Hand Cart
33:20 Pikeman
37:25 Imperial Age
34:59 Squires
35:24 Scale Mail Armor
Connection lost

Rejoining the realm…

Still unreachable

The connection could not be restored.

Session expired

The server has moved on; the page needs a fresh start.